[Event "Titled Tuesday Blitz April 12 Late 2022"]
[White "Zanette, Edgard Vinicius"]
[Black "Yedidia, Daniel"]
[WhiteFideId "2109263"]
[BlackFideId "30905907"]
[WhiteElo "2182"]
[BlackElo "2611"]
[Result "0-1"]
[Round "01"]
[TimeControl "180+1"]
[Date "2022.04.13"]
[WhiteClock "0:00:05"]
[BlackClock "0:00:07"]

1. e4 e5 2. Nf3 Nc6 3. Bb5 a6 4. Ba4 Nf6 5. O-O Be7 6. Bxc6 dxc6 7. d3 Nd7 8. Nbd2 O-O 9. Nc4 f6 10. b3 Nc5 11. Ba3 Bg4 12. Ne3 Bh5 13. Nf5 Bd6 14. h3 Ne6 15. Nxd6 cxd6 16. g4 Bf7 17. Bc1 d5 18. Be3 Qd7 19. Qe2 Rad8 20. Nh4 g6 21. Rad1 Qe7 22. Ng2 d4 23. Bh6 Rfe8 24. f4 Nc7 25. fxe5 fxe5 26. h4 Ne6 27. Rf2 Rd7 28. Rdf1 Qd8 29. Qf3 Ree7 30. Qg3 Qc7 31. Rf6 Ng7 32. h5 Ne8 33. R6f2 Qd6 34. Bg5 Re6 35. h6 Qf8 36. Nh4 Nd6 37. Nf3 Qe8 38. Nd2 b5 39. b4 Nb7 40. Nb3 Qf8 41. a3 a5 42. bxa5 Qxa3 43. Ra1 Qf8 44. a6 Nd6 45. a7 Qa8 46. Nc5 Rxa7 47. Rxa7 Qxa7 48. Nxe6 Bxe6 49. Qxe5 Qd7 50. Rf6 Nf7 51. Qb8+ Qc8 52. Qxc8+ Bxc8 53. Rxc6 Bxg4 54. Rc8+ Bxc8 55. Bf6 Nxh6 56. Bxd4 Ng4 0-1


[Site "https://www.chess.com"]

[Event "Titled Tuesday Blitz April 12 Late 2022"]
[White "Zherebtsova, Alexandra"]
[Black "Mikhailov, Viacheslav"]
[WhiteFideId "24129518"]
[BlackFideId "4187369"]
[WhiteElo "2025"]
[BlackElo "2381"]
[Result "0-1"]
[Round "01"]
[TimeControl "180+1"]
[Date "2022.04.13"]
[WhiteClock "0:01:12"]
[BlackClock "0:01:13"]

1. d4 Nf6 2. Nf3 g6 3. c4 Bg7 4. Nc3 O-O 5. e4 d6 6. h3 c6 7. Be3 a6 8. a4 b6 9. Be2 Bb7 10. O-O Nbd7 11. Qc2 c5 12. d5 Re8 13. a5 bxa5 14. Qa4 Qb6 15. Rfb1 Reb8 16. Qxa5 Bc8 17. Qa3 Ne8 18. Na4 Qb4 19. Bd3 Ne5 20. Nxe5 Bxe5 21. Qxb4 Rxb4 22. Bd2 Rb7 23. Ra2 Rab8 24. Bc2 f5 25. f3 fxe4 26. fxe4 Nf6 27. b3 Nh5 28. Rf1 Ng3 29. Rf3 Ne2+ 30. Kh1 Nd4 31. Rf1 Nxc2 32. Rxc2 Rxb3 33. Bh6 Bd7 34. Rcf2 Bf6 0-1


[Site "https://www.chess.com"]

[Event "Titled Tuesday Blitz April 12 Late 2022"]
[White "Zhigalko, Sergei"]
[Black "Batsiashvili, Nino"]
[WhiteFideId "13502956"]
[BlackFideId "13602993"]
[WhiteElo "2662"]
[BlackElo "2192"]
[Result "1-0"]
[Round "01"]
[TimeControl "180+1"]
[Date "2022.04.12"]
[WhiteClock "0:00:14"]
[BlackClock "0:00:47"]

1. e4 e5 2. Nf3 Nc6 3. Bc4 Nf6 4. d3 Bc5 5. O-O a6 6. Nbd2 d6 7. c3 O-O 8. Bb3 Be6 9. h3 Bxb3 10. Qxb3 Rb8 11. Re1 h6 12. Nf1 Nh5 13. Ne3 Ne7 14. d4 exd4 15. cxd4 Bb6 16. Bd2 c5 17. Bc3 Nf4 18. Rad1 cxd4 19. Nxd4 Neg6 20. Ndf5 Qg5 21. Qxb6 Nxh3+ 22. Kf1 Nhf4 23. Rxd6 Qh5 24. Kg1 f6 25. Rd7 Nh3+ 26. gxh3 Nf4 27. Rxg7+ Kh8 28. Bxf6 Nxh3+ 29. Kf1 Qf3 30. Rg3+ Rxf6 31. Qxf6+ 1-0


[Site "https://www.chess.com"]

[Event "Titled Tuesday Blitz April 12 Late 2022"]
[White "Zhou, Qiyu"]
[Black "Jaracz, Pawel"]
[WhiteFideId "505161"]
[BlackFideId "1102222"]
[WhiteElo "1925"]
[BlackElo "2429"]
[Result "1-0"]
[Round "01"]
[TimeControl "180+1"]
[Date "2022.04.13"]
[WhiteClock "0:00:19"]
[BlackClock "0:00:01"]

1. e4 e5 2. Nf3 Nc6 3. Bb5 a6 4. Ba4 Nf6 5. O-O Be7 6. Re1 b5 7. Bb3 d6 8. c3 O-O 9. h3 Nb8 10. d4 Nbd7 11. Nbd2 c5 12. d5 c4 13. Bc2 Nc5 14. Nf1 a5 15. g4 b4 16. Ng3 g6 17. Bh6 Re8 18. Qd2 Rb8 19. Kh2 Ba6 20. Rg1 bxc3 21. Qxc3 Nd3 22. Bxd3 cxd3 23. b3 Qb6 24. Qd2 Rbc8 25. Rac1 Qb4 26. Qe3 Rc2 27. Rxc2 dxc2 28. Rc1 Rc8 29. Ne1 Nd7 30. Rxc2 Rxc2 31. Nxc2 Qb7 32. Qc3 Qb6 33. Be3 Nc5 34. b4 axb4 35. Qxb4 Qc7 36. Qc3 Qb7 37. Qb4 Bb5 38. Na3 Bc6 39. Qxb7 Bxb7 40. f3 Ba6 41. Kg2 Bd8 42. Kf2 Nd3+ 43. Kg2 Nb4 44. f4 Bf6 45. g5 Be7 46. fxe5 dxe5 47. Kf3 Nxa2 48. Ne2 Nb4 49. Nc3 Kf8 50. Nab5 Bc8 51. d6 Bd8 52. Bc5 Nd3 53. d7+ 1-0


[Site "https://www.chess.com"]

[Event "Titled Tuesday Blitz April 12 Late 2022"]
[White "Zhurbinsky, David"]
[Black "Nakamura, Hikaru"]
[WhiteFideId "2072904"]
[BlackFideId "2016192"]
[WhiteElo "2553"]
[BlackElo "2850"]
[Result "0-1"]
[Round "01"]
[TimeControl "180+1"]
[Date "2022.04.12"]
[WhiteClock "0:00:14"]
[BlackClock "0:01:49"]

1. e4 c6 2. d4 d5 3. Nc3 dxe4 4. Nxe4 Nf6 5. Nxf6+ gxf6 6. Nf3 Bf5 7. Bd3 Bg6 8. Bf4 Qb6 9. Rb1 Qa5+ 10. c3 Qxa2 11. O-O Nd7 12. Re1 e6 13. Qe2 Qd5 14. Bc4 Qf5 15. Bg3 Nb6 16. Nh4 Qh5 17. Nxg6 Qxe2 18. Rxe2 hxg6 19. Bd3 O-O-O 20. Ra1 a6 21. h3 Bd6 22. Bxd6 Rxd6 23. Rae1 Rh5 24. f4 c5 25. dxc5 Rxd3 26. cxb6 Rb5 27. Kf2 Rxb6 28. g3 f5 29. h4 Kd7 30. h5 gxh5 31. Rh1 a5 32. Rxh5 a4 33. Rh7 Ke7 34. Rh8 a3 35. bxa3 Rxc3 36. a4 Rbb3 37. Rg8 Kf6 38. Rd2 Rf3+ 39. Kg2 Rfc3 40. Rd7 Rc2+ 41. Kh3 Rbb2 0-1


[Site "https://www.chess.com"]

[Event "Titled Tuesday Blitz April 12 Late 2022"]
[White "Adewumi, Tanitoluwa"]
[Black "Hoffmann, Asa"]
[WhiteFideId "30966396"]
[BlackFideId "2001470"]
[WhiteElo "2532"]
[BlackElo "2117"]
[Result "1-0"]
[Round "02"]
[TimeControl "180+1"]
[Date "2022.04.13"]
[WhiteClock "0:00:08"]
[BlackClock "0:00:42"]

1. e4 d6 2. Nf3 Bg4 3. d4 Nf6 4. Bd3 c6 5. h3 Bh5 6. O-O e6 7. c3 d5 8. e5 Nfd7 9. b4 a5 10. Bd2 axb4 11. cxb4 Na6 12. g4 Bg6 13. Bxa6 Rxa6 14. a4 b6 15. Qe2 Qa8 16. Nc3 Bxb4 17. Nxd5 exd5 18. Bxb4 c5 19. e6 fxe6 20. Qxe6+ Kd8 21. Bd2 Re8 22. Qd6 b5 23. Qg3 Rxa4 24. Rxa4 Qxa4 25. dxc5 b4 26. Qd6 Kc8 27. c6 Nf6 28. Bf4 Qa7 29. Nd4 Ne4 30. Nb5 Nxd6 31. Nxa7+ Kc7 32. Nb5+ Kxc6 33. Nxd6 b3 34. Nxe8 b2 35. Nxg7 b1=Q 36. Rxb1 Bxb1 37. Ne6 Kd7 38. Nd4 Ke7 39. Be3 Kf6 40. Kh2 Ke5 41. Kg3 Ke4 42. f3+ Kxe3 43. Nf5+ Bxf5 44. gxf5 d4 45. f6 d3 46. f7 d2 47. f8=Q d1=Q 48. Qe7+ Kd2 49. Qd7+ Ke2 50. Qxd1+ Kxd1 51. f4 1-0


[Site "https://www.chess.com"]

[Event "Titled Tuesday Blitz April 12 Late 2022"]
[White "Afanasiev, Nikita"]
[Black "Senthilkumar, Pranav"]
[WhiteFideId "24183555"]
[BlackFideId "2083477"]
[WhiteElo "2507"]
[BlackElo "2403"]
[Result "1-0"]
[Round "02"]
[TimeControl "180+1"]
[Date "2022.04.13"]
[WhiteClock "0:01:02"]
[BlackClock "0:00:13"]

1. e4 e5 2. Nf3 Nc6 3. Bc4 Nf6 4. d3 Bc5 5. c3 d6 6. Nbd2 h6 7. Nf1 a6 8. Ng3 O-O 9. a3 d5 10. exd5 Nxd5 11. O-O Be6 12. Re1 Bd6 13. Bd2 b5 14. Ba2 Nf4 15. Bxf4 exf4 16. Ne4 Bxa2 17. Rxa2 g5 18. d4 f5 19. Nxd6 Qxd6 20. Qb3+ Kh7 21. Re6 Qd7 22. Ra1 Na5 23. Qa2 Nc4 24. Rae1 Rae8 25. Rxe8 Rxe8 26. Qb1 Rxe1+ 27. Nxe1 Qe6 28. Nf3 Qe4 29. Qc1 Qd3 30. h3 Nd6 31. Qe1 Ne4 32. Ne5 Qc2 33. f3 Ng3 34. Nd7 Ne2+ 35. Kf1 Ng3+ 36. Kg1 Ne2+ 37. Kh2 Qxb2 38. d5 Qc2 39. Nf6+ Kg6 40. Ne8 Qd3 41. Nxc7 a5 42. d6 Qxd6 43. Nxb5 Qd3 44. a4 Ng3 45. Nd4 Nf1+ 46. Kg1 Ne3 47. h4 g4 48. Ne2 g3 49. Nxf4+ 1-0


[Site "https://www.chess.com"]

[Event "Titled Tuesday Blitz April 12 Late 2022"]
[White "Aldokhin, Ivan"]
[Black "Andreikin, Dmitry"]
[WhiteFideId "24115720"]
[BlackFideId "4158814"]
[WhiteElo "2231"]
[BlackElo "2736"]
[Result "1/2-1/2"]
[Round "02"]
[TimeControl "180+1"]
[Date "2022.04.12"]
[WhiteClock "0:00:07"]
[BlackClock "0:00:32"]

1. e4 c5 2. Nf3 e6 3. d4 cxd4 4. Nxd4 a6 5. Nc3 Nc6 6. Nxc6 bxc6 7. Bd3 d5 8. Qe2 Nf6 9. Bf4 Be7 10. O-O O-O 11. Rad1 Bb7 12. Rfe1 g6 13. Na4 Qa5 14. b3 dxe4 15. Bxe4 Nxe4 16. Qxe4 Rad8 17. Be3 Rxd1 18. Rxd1 Rd8 19. Rxd8+ Qxd8 20. f3 Qd5 21. Nc3 Qa5 22. Bd4 c5 23. Qe5 Bf6 24. Qxf6 cxd4 25. Qxd4 Qf5 26. Ne4 e5 27. Qd8+ Kg7 28. Nd6 Qxc2 29. Ne8+ Kf8 30. Nd6+ Kg7 31. Ne8+ Kf8 32. Nd6+ Kg7 1/2-1/2


[Site "https://www.chess.com"]

[Event "Titled Tuesday Blitz April 12 Late 2022"]
[White "Alekseenko, Kirill"]
[Black "Wieczorek, Oskar"]
[WhiteFideId "4135539"]
[BlackFideId "1133950"]
[WhiteElo "2682"]
[BlackElo "2319"]
[Result "1-0"]
[Round "02"]
[TimeControl "180+1"]
[Date "2022.04.12"]
[WhiteClock "0:00:16"]
[BlackClock "0:00:02"]

1. e4 c5 2. Nf3 g6 3. c4 Nc6 4. d4 cxd4 5. Nxd4 Nf6 6. Nc3 d6 7. Be2 Nxd4 8. Qxd4 Bg7 9. Be3 O-O 10. Qd2 a5 11. O-O a4 12. Rac1 Qa5 13. f3 Be6 14. Rfd1 Rfc8 15. Nb5 Qxd2 16. Rxd2 Nd7 17. Kf2 Ne5 18. b3 axb3 19. axb3 Nc6 20. h3 Nb4 21. f4 Bd7 22. Na7 Rcb8 23. Bb6 Nc6 24. Nb5 Nb4 25. g4 Rc8 26. Na7 Rcb8 27. e5 Nc6 28. Nb5 Na5 29. Bd1 Bxb5 30. cxb5 dxe5 31. Ra2 Nxb3 32. Bxb3 Rxa2+ 33. Bxa2 exf4 34. Rc7 Bf6 35. Bd5 Rd8 36. Bxb7 Rd2+ 37. Kf3 Rb2 38. Bc6 g5 39. Bc5 Rb3+ 40. Ke4 f3 41. b6 Rb4+ 42. Bxb4 f2 43. Bb5 1-0


[Site "https://www.chess.com"]

[Event "Titled Tuesday Blitz April 12 Late 2022"]
[White "Ambartsumova, Karina"]
[Black "Pichot, Alan"]
[WhiteFideId "4166299"]
[BlackFideId "110973"]
[WhiteElo "2262"]
[BlackElo "2579"]
[Result "0-1"]
[Round "02"]
[TimeControl "180+1"]
[Date "2022.04.12"]
[WhiteClock "0:00:03"]
[BlackClock "0:01:08"]

1. d4 Nf6 2. Nf3 d5 3. c4 e6 4. Nc3 dxc4 5. Qa4+ c6 6. Qxc4 b5 7. Qd3 a6 8. Bg5 Nbd7 9. e4 h6 10. Bh4 c5 11. e5 g5 12. Nxg5 hxg5 13. Bxg5 cxd4 14. Qxd4 Bc5 15. Qd2 b4 16. Na4 Ne4 17. Bxd8 Nxd2 18. Nxc5 Nxc5 19. Bf6 Rh6 20. Kxd2 Ne4+ 21. Ke3 Nxf6 22. exf6 Rxf6 23. Be2 Bb7 24. f3 O-O-O 25. Rhd1 Rg8 26. Rac1+ Kb8 27. g3 Bd5 28. a3 bxa3 29. bxa3 Rh6 30. Rh1 Kb7 31. Rb1+ Ka7 32. g4 Rh3 33. Kf2 Rgh8 34. Kg2 f5 35. gxf5 exf5 36. Rbd1 Bc6 37. Rd6 Bb7 38. Rg6 R3h4 39. Rg7 Ka8 40. Bd3 Rf4 41. Rg3 Rd8 42. Be2 Rd2 43. Kf2 Ra4 44. Rd1 Rb2 45. Rd8+ Ka7 46. Rd3 Rc4 47. Rg7 Rh4 48. Rg2 Rh6 49. Kg3 Rg6+ 50. Kf2 Rxg2+ 51. Kxg2 Rxe2+ 52. Kg3 f4+ 53. Kxf4 Rxh2 54. Ke5 Re2+ 55. Kf5 Rf2 56. f4 Kb6 57. Ke5 Re2+ 58. Kf6 Bc6 59. Rb3+ Kc5 60. Rc3+ Kd6 61. Rd3+ Bd5 62. f5 Rf2 63. Rd1 a5 64. Kg5 Ke5 65. Re1+ Be4 66. f6 Rf5+ 67. Kh6 Rxf6+ 68. Kg7 Rf3 69. Ra1 a4 70. Kh6 Rg3 71. Kh5 Bf5 72. Kh4 Rf3 73. Kg5 Be4 74. Rc1 Rxa3 0-1


[Site "https://www.chess.com"]

[Event "Titled Tuesday Blitz April 12 Late 2022"]
[White "Baches Garcia, Guillermo"]
[Black "Coelho, Ramyres Santana"]
[WhiteFideId "2209764"]
[BlackFideId "2120690"]
[WhiteElo "2502"]
[BlackElo "1888"]
[Result "1-0"]
[Round "02"]
[TimeControl "180+1"]
[Date "2022.04.13"]
[WhiteClock "0:01:45"]
[BlackClock "0:02:13"]

1. e4 c5 2. Nf3 d6 3. d4 cxd4 4. Nxd4 Nf6 5. Nc3 a6 6. Bd3 e6 7. f4 b5 8. Qf3 Bb7 9. a3 Nbd7 10. g4 Nb6 11. g5 Nfd7 12. h4 Nc5 13. h5 Nxd3+ 14. cxd3 d5 15. e5 Rc8 16. g6 hxg6 17. hxg6 Rxh1+ 18. Qxh1 fxg6 19. Qh3 Rxc3 20. Qxe6+ Be7 21. Qxg6+ Kf8 22. Ne6+ Kg8 23. Qxg7# 1-0


[Site "https://www.chess.com"]

[Event "Titled Tuesday Blitz April 12 Late 2022"]
[White "Bachmann, Axel"]
[Black "Broca Jimenez, Fernando"]
[WhiteFideId "3700488"]
[BlackFideId "5104742"]
[WhiteElo "2587"]
[BlackElo "2062"]
[Result "0-1"]
[Round "02"]
[TimeControl "180+1"]
[Date "2022.04.13"]
[WhiteClock "0:00:01"]
[BlackClock "0:00:09"]

1. d4 g6 2. g3 Bg7 3. e4 c5 4. d5 d6 5. Bg2 Nf6 6. Nc3 O-O 7. Nge2 e5 8. O-O Nbd7 9. h3 Nh5 10. g4 Nf4 11. Nxf4 exf4 12. Bxf4 Ne5 13. Bg3 f5 14. exf5 gxf5 15. Re1 fxg4 16. Rxe5 gxh3 17. Rh5 hxg2 18. Qd3 h6 19. Re1 Bg4 20. Rh2 Qg5 21. Ne4 Qg6 22. Nxd6 Qxd3 23. cxd3 Rad8 24. Nxb7 Rxd5 25. Nxc5 Rxc5 26. Bd6 Rc2 27. Bxf8 Kxf8 28. Rxg2 Bf3 29. Rg3 Bd5 30. b4 Bd4 31. Rf1 Bxa2 32. Rg4 Bb6 33. Rf4+ Kg7 34. Re1 Rc4 35. dxc4 Kg6 0-1


[Site "https://www.chess.com"]

[Event "Titled Tuesday Blitz April 12 Late 2022"]
[White "Bas Mas, Jose Joaquin"]
[Black "Schekachikhin, Maksim"]
[WhiteFideId "22219064"]
[BlackFideId "24177830"]
[WhiteElo "2356"]
[BlackElo "2659"]
[Result "0-1"]
[Round "02"]
[TimeControl "180+1"]
[Date "2022.04.13"]
[WhiteClock "0:01:26"]
[BlackClock "0:00:33"]

1. e4 c5 2. Nf3 e6 3. c4 Nc6 4. Nc3 Nd4 5. Nxd4 cxd4 6. Ne2 e5 7. d3 Ne7 8. g3 g6 9. Bg2 Bg7 10. O-O O-O 11. h3 d6 12. Bd2 Rb8 13. Qc1 b5 14. b3 bxc4 15. bxc4 Be6 16. Bh6 Qa5 17. Bxg7 Kxg7 18. f4 f6 19. Kh2 Rb6 20. Qc2 Qa3 21. Rab1 Rfb8 22. Rxb6 Rxb6 23. Rb1 Nc6 24. Rb3 Rxb3 25. Qxb3 Qxb3 26. axb3 Nb4 27. Nc1 exf4 28. gxf4 g5 29. f5 Bf7 30. Bf3 Kh6 31. Kg3 Bh5 32. Bg4 Bxg4 33. hxg4 Kg7 34. Kh3 Kf7 35. Kg3 Ke7 36. Kf3 Kd7 37. Ke2 Kc6 38. Kd2 Kc5 39. Ne2 Nc6 40. Ng3 Ne5 41. Ne2 a5 42. Ng3 Nxg4 43. Nh5 Kb4 44. Kc2 h6 45. Ng3 Ne3+ 46. Kb2 Nd1+ 47. Kc2 Nf2 48. Nh5 Ng4 49. Kb2 Ne5 50. Kc2 Nd7 51. Kb2 g4 52. Kc2 Ne5 53. Nxf6 g3 54. Nd5+ Kc5 55. Nf4 h5 56. f6 h4 57. Kd2 Ng6 58. f7 Nf8 59. Ke2 Kb4 60. Kf3 Kxb3 61. Kg4 a4 62. Kxh4 a3 63. Kxg3 a2 64. Ne2 a1=Q 0-1


[Site "https://www.chess.com"]

[Event "Titled Tuesday Blitz April 12 Late 2022"]
[White "Batsiashvili, Nino"]
[Black "Ashiev, Eduard"]
[WhiteFideId "13602993"]
[BlackFideId "4130090"]
[WhiteElo "2192"]
[BlackElo "2004"]
[Result "1/2-1/2"]
[Round "02"]
[TimeControl "180+1"]
[Date "2022.04.13"]
[WhiteClock "0:01:14"]
[BlackClock "0:00:11"]

1. d4 d5 2. c4 c6 3. Nf3 Nf6 4. e3 e6 5. Be2 Nbd7 6. O-O Bd6 7. Nbd2 c5 8. cxd5 exd5 9. dxc5 Nxc5 10. Nb3 Nce4 11. Nbd4 O-O 12. b3 Qe7 13. Bb2 Bd7 14. Rc1 Rac8 15. Rxc8 Rxc8 16. Qd3 a6 17. Qd1 h6 18. Nd2 Qe5 19. f4 Qe7 20. Nxe4 Nxe4 21. Bd3 Bb4 22. Qe2 Re8 23. Nf3 Bc3 24. Bxe4 Bxb2 25. Bxd5 Qxe3+ 26. Qxe3 Rxe3 27. Bxb7 a5 28. Re1 Rxe1+ 29. Nxe1 a4 30. bxa4 Bxa4 31. Bd5 Kf8 32. Kf2 Bd4+ 33. Kf3 Ke7 34. Ke4 Bb6 35. g4 f6 36. h4 Kd6 37. Bb7 Bd7 38. f5 Bf2 39. Nf3 Ba4 40. g5 Bc2+ 41. Kf4 hxg5+ 42. hxg5 fxg5+ 43. Nxg5 Be1 44. Be4 Bd2+ 45. Kg4 Bxg5 46. Bxc2 Bf6 47. a4 Kc5 48. Kh5 Kb4 49. Kg6 Ka5 50. Bd1 Kb4 51. Bc2 Ka5 52. Bd1 Kb4 53. Bc2 1/2-1/2


[Site "https://www.chess.com"]

[Event "Titled Tuesday Blitz April 12 Late 2022"]
[White "Bazeev, German"]
[Black "Djokic, Mihailo"]
[WhiteFideId "24119350"]
[BlackFideId "976440"]
[WhiteElo "2493"]
[BlackElo "2202"]
[Result "0-1"]
[Round "02"]
[TimeControl "180+1"]
[Date "2022.04.12"]
[WhiteClock "0:00:09"]
[BlackClock "0:00:04"]

1. d4 Nf6 2. Bg5 d5 3. Bxf6 exf6 4. e3 Be7 5. Nf3 O-O 6. c4 Re8 7. cxd5 Qxd5 8. Nc3 Qa5 9. Bc4 Nd7 10. O-O Nb6 11. Bb3 Be6 12. Bxe6 fxe6 13. a3 Rad8 14. b4 Qh5 15. Qb3 Nd5 16. Rac1 c6 17. Ne2 Qf7 18. e4 Nc7 19. Rfd1 a6 20. Nf4 g5 21. Ne2 h5 22. Qe3 Nb5 23. a4 Nd6 24. Ne1 Qg6 25. f3 f5 26. e5 f4 27. Qb3 Nf5 28. Nd3 Rd5 29. Ndxf4 gxf4 30. Nxf4 Qg5 31. Nxd5 exd5 32. b5 Nxd4 33. Qd3 c5 34. bxa6 bxa6 35. Qxa6 c4 36. Kh1 Ne2 37. Qb5 Rd8 38. Ra1 Nc3 39. Qc6 Nxd1 40. Rxd1 Qxe5 41. Qg6+ Kf8 42. f4 Rd6 43. Qb1 Qe4 44. Qa1 Bf6 45. Qa3 Qe7 46. a5 Re6 47. Qc1 d4 48. f5 Re5 49. Qh6+ Bg7 50. Qc1 c3 51. f6 Bxf6 52. a6 Ra5 53. Rf1 Rxa6 54. Qd1 Re6 55. Qxh5 Qf7 56. Qh8+ Ke7 57. Qh5 Qxh5 58. g4 Qe5 59. Kg2 Qd5+ 60. Kg3 d3 61. Rf4 Re3+ 62. Kf2 Re2+ 0-1


[Site "https://www.chess.com"]

[Event "Titled Tuesday Blitz April 12 Late 2022"]
[White "Beerdsen, Thomas"]
[Black "Molenda, Marcin"]
[WhiteFideId "1030108"]
[BlackFideId "1173065"]
[WhiteElo "2775"]
[BlackElo "2501"]
[Result "0-1"]
[Round "02"]
[TimeControl "180+1"]
[Date "2022.04.13"]
[WhiteClock "0:00:09"]
[BlackClock "0:00:08"]

1. g4 e5 2. Bg2 Ne7 3. h4 Ng6 4. g5 d5 5. c4 Nf4 6. Bf1 dxc4 7. Nc3 b5 8. Nxb5 Bb7 9. Rh2 Bc5 10. Qa4 O-O 11. Qxc4 Nd7 12. d3 Qe7 13. Nh3 Nb6 14. Qc2 Nfd5 15. a3 a5 16. Bg2 f6 17. Bd2 f5 18. Rc1 Bd6 19. h5 Rac8 20. Qb3 Kh8 21. h6 g6 22. Rh1 a4 23. Qa2 Bc5 24. b4 axb3 25. Qxb3 f4 26. Be4 f3 27. e3 c6 28. Nc3 Bxa3 29. Rb1 Ba6 30. Ng1 Rb8 31. Nxf3 Nd7 32. Qa2 Rxb1+ 33. Qxb1 Nc5 34. Rh3 Nxc3 35. Bxc3 Nxe4 36. Bxe5+ Kg8 37. Qb3+ Rf7 38. dxe4 Bb5 39. Bf6 Qc5 40. Ne5 Qc1+ 41. Qd1 Bb4# 0-1


[Site "https://www.chess.com"]

[Event "Titled Tuesday Blitz April 12 Late 2022"]
[White "Begmuratov, Khumoyun"]
[Black "Martinez Alcantara, Jose Eduardo"]
[WhiteFideId "14210207"]
[BlackFideId "3805662"]
[WhiteElo "1961"]
[BlackElo "2690"]
[Result "0-1"]
[Round "02"]
[TimeControl "180+1"]
[Date "2022.04.12"]
[WhiteClock "0:00:02"]
[BlackClock "0:00:05"]

1. e4 e5 2. Nf3 Nc6 3. Bb5 a6 4. Ba4 b5 5. Bb3 Na5 6. O-O d6 7. d4 exd4 8. Qxd4 Nxb3 9. axb3 Bb7 10. Bg5 f6 11. Bf4 Ne7 12. Nc3 Ng6 13. Bg3 Be7 14. Nd5 O-O 15. h4 Ne5 16. Nd2 c6 17. Nxe7+ Qxe7 18. Rad1 c5 19. Qe3 Rfe8 20. Rfe1 Rad8 21. c3 Nf7 22. c4 Qe6 23. f3 Bc6 24. Qc3 b4 25. Qc2 g5 26. hxg5 fxg5 27. Nf1 h5 28. Ne3 h4 29. Bh2 Nh6 30. Qd2 Qg6 31. Bxd6 g4 32. Nxg4 Nxg4 33. fxg4 Re6 34. e5 Qxg4 35. Qe2 Qg5 36. Qd2 Qg4 37. Qe2 Qg6 38. Bxc5 Rde8 39. Bd4 h3 40. Rd3 Bxg2 41. Kh2 Qf5 42. Rg3+ Rg6 43. Rxg6+ Qxg6 44. Qe3 Re6 45. Qf4 Qf7 46. Qg3+ Rg6 47. Qe3 Qe6 48. Re2 Bc6 49. Rf2 Qg4 50. Qxh3 Qg1# 0-1


[Site "https://www.chess.com"]

[Event "Titled Tuesday Blitz April 12 Late 2022"]
[White "Bilan, Danila"]
[Black "Korchmar, Vasiliy"]
[WhiteFideId "24161918"]
[BlackFideId "24131750"]
[WhiteElo "2164"]
[BlackElo "2370"]
[Result "1-0"]
[Round "02"]
[TimeControl "180+1"]
[Date "2022.04.12"]
[WhiteClock "0:00:11"]
[BlackClock "0:00:03"]

1. d4 d5 2. Nf3 Nf6 3. c4 c6 4. Nc3 e6 5. Bg5 Be7 6. e3 Nbd7 7. cxd5 exd5 8. Bd3 h6 9. Bh4 O-O 10. Qc2 Re8 11. O-O Ne4 12. Bxe7 Qxe7 13. Bxe4 dxe4 14. Nd2 Nf6 15. Nc4 Bf5 16. Ne5 Rad8 17. Na4 Nd5 18. Nc3 Nb4 19. Qb3 Be6 20. Qa4 Bf5 21. a3 Nd5 22. Qc2 Rd6 23. Ne2 Bh7 24. Ng3 Qh4 25. b4 f5 26. Ne2 f4 27. g3 fxg3 28. hxg3 Qh3 29. Nf4 Nxf4 30. exf4 e3 31. Qb3+ Rd5 32. Qxe3 Bf5 33. Rae1 Bg4 34. Qe4 Bc8 35. Qg2 Qh5 36. Rd1 Bh3 37. Qh2 Qf5 38. Rfe1 Qc8 39. Qh1 Bf5 40. Qf3 Rdd8 41. Qe3 Be6 42. Qd2 Bd5 43. Qe3 Re6 44. f3 Rde8 45. Kf2 Rf6 46. Rh1 Ref8 47. Qd3 Re8 48. Rde1 Ref8 49. Ng4 Re6 50. Ne5 Ref6 51. Ng4 Re6 52. Rxe6 Qxe6 53. Ne5 Qf6 54. Qg6 Qxg6 55. Nxg6 Re8 56. Ne5 Ra8 57. Rc1 a5 58. b5 cxb5 59. Rc5 b4 60. axb4 axb4 61. Rxd5 b3 62. Rb5 Ra2+ 63. Ke3 b2 64. Nd3 1-0


[Site "https://www.chess.com"]

[Event "Titled Tuesday Blitz April 12 Late 2022"]
[White "Bortnyk, Olexandr"]
[Black "Cabarkapa, Novak"]
[WhiteFideId "14120828"]
[BlackFideId "943746"]
[WhiteElo "2723"]
[BlackElo "2443"]
[Result "1-0"]
[Round "02"]
[TimeControl "180+1"]
[Date "2022.04.12"]
[WhiteClock "0:00:58"]
[BlackClock "0:01:02"]

1. d4 Nf6 2. Nc3 d5 3. Bf4 e6 4. Nb5 Na6 5. e3 Be7 6. Nf3 O-O 7. Ne5 c6 8. Nc3 c5 9. Bxa6 bxa6 10. Nc6 Qd7 11. Nxe7+ Qxe7 12. O-O a5 13. Qf3 cxd4 14. exd4 Qb4 15. Qd3 Bb7 16. a3 Qb6 17. Rfe1 Ne4 18. Nxe4 dxe4 19. Qg3 f6 20. c3 Bd5 21. b4 Rfc8 22. h4 axb4 23. axb4 a5 24. bxa5 Rxa5 25. Rab1 Rb5 26. Bh6 g6 27. Rxb5 Qxb5 28. Qf4 Qb7 29. Qxf6 Qf7 30. Qe5 Qc7 31. Qf6 Qf7 32. Qg5 Rxc3 33. Qd8+ 1-0


[Site "https://www.chess.com"]

[Event "Titled Tuesday Blitz April 12 Late 2022"]
[White "Bryakin, Mikhail"]
[Black "Sokolovsky, Yahli"]
[WhiteFideId "4165314"]
[BlackFideId "2820242"]
[WhiteElo "2417"]
[BlackElo "1770"]
[Result "0-1"]
[Round "02"]
[TimeControl "180+1"]
[Date "2022.04.12"]
[WhiteClock "0:00:21"]
[BlackClock "0:00:07"]

1. e4 g6 2. d4 Bg7 3. Nc3 d6 4. Nf3 a6 5. a4 b6 6. Be2 Bb7 7. O-O Nf6 8. d5 O-O 9. Bg5 h6 10. Bh4 c5 11. Re1 Nbd7 12. Bf1 Ne5 13. Nxe5 dxe5 14. f3 Ne8 15. Bf2 Rc8 16. b3 Nd6 17. Nb1 f5 18. Nd2 f4 19. Nc4 g5 20. a5 b5 21. Nb6 Rc7 22. c4 b4 23. Na4 Qc8 24. Nb6 Qb8 25. h3 Bc8 26. Bd3 Bd7 27. Kf1 Be8 28. Ke2 Nc8 29. Nxc8 Qxc8 30. Kd2 Rf6 31. Rh1 Bd7 32. Be2 Rg6 33. Kc2 h5 34. Kb2 h4 35. Be1 Rd6 36. Bd2 Rg6 37. Qg1 Kf8 38. Qf2 Ke8 39. Qe1 Kf8 40. Bxb4 cxb4 41. Qxb4 Rc5 42. Rhc1 Kg8 43. Qc3 Rc7 44. b4 Bb5 45. Qb3 Be8 46. c5 Bf7 47. Ka3 Qb8 48. Qa4 Bf8 49. Rab1 Qd8 50. c6 e6 51. Rd1 exd5 52. exd5 Bd6 53. Bxa6 Ra7 54. Qb5 Qa8 55. Bb7 Rxa5+ 56. Kb3 Ra3+ 57. Kc4 Qa7 58. Rb3 Ra2 59. Rdd3 Rc2+ 60. Rdc3 Qd4# 0-1


[Site "https://www.chess.com"]

[Event "Titled Tuesday Blitz April 12 Late 2022"]
[White "De Souza, Cristiano Gomes"]
[Black "Pesotskiy, Mikhail"]
[WhiteFideId "2151758"]
[BlackFideId "34164453"]
[WhiteElo "2068"]
[BlackElo "2010"]
[Result "0-1"]
[Round "02"]
[TimeControl "180+1"]
[Date "2022.04.13"]
[WhiteClock "0:01:12"]
[BlackClock "0:00:27"]

1. d4 Nf6 2. c4 e6 3. Nf3 Bb4+ 4. Bd2 a5 5. a3 Bxd2+ 6. Qxd2 b6 7. Nc3 Bb7 8. g3 O-O 9. Bg2 Ne4 10. Nxe4 Bxe4 11. O-O a4 12. Ne1 Bxg2 13. Kxg2 d6 14. Nd3 Nd7 15. e4 e5 16. d5 f5 17. exf5 Rxf5 18. f3 Qe7 19. Nf2 Nc5 20. Rae1 Raf8 21. Ne4 Nb3 22. Qe3 h6 23. Re2 Qf7 24. Ref2 Qh5 25. f4 exf4 26. Rxf4 Rxf4 27. Rxf4 Rxf4 28. Qxf4 Qe2+ 29. Kh3 Nd4 30. Qg4 Qf1+ 31. Kh4 Nf3+ 32. Kh5 Ne5 33. Qc8+ Kh7 34. Kh4 g5+ 35. Nxg5+ hxg5+ 36. Kxg5 Qf7 37. Qf5+ Qxf5+ 38. Kxf5 Nxc4 39. Ke6 Nxb2 40. Kd7 b5 41. Kxc7 Nc4 42. Kc6 b4 43. axb4 a3 44. b5 a2 45. b6 a1=Q 46. b7 Na5+ 47. Kc7 Nxb7 48. Kxb7 Qc3 0-1


[Site "https://www.chess.com"]